General information
			
			
        
        - name: BNet
 
        - type: Ladder 1vs1/FFA
 
        - host: Battle.net
 
        - saver: 1st_Panzer_Div.
 
        
map: Frostsabre 
        - players: 2
 
        - length: 12:14
 
        - speed: Fast
 - version: 1.22 WAR3
 - replay type:  Public
 
» download(34 KB)
Players
        team 1 (loser) 
              
              
mclovin1423 (
blue | 26 APM | 315 actions | 12:12)
              
 4 Dreadlord 
 2 Sleep
 2 Vampiric Aura
 1 Death Knight 
 1 Death Coil
 
                » actions 
                
                | Build / train | 29 |  | 
| Enter build submenu | 10 |  | 
| Enter hero's abilities submenu | 5 |  | 
| Right click | 105 |  | 
| Select / deselect | 146 |  | 
| Use ability | 20 |  | 
                315 total
 » units 
                
                | Acolyte | 2 |  | 
| Ghoul | 3 |  | 
| Crypt Fiend | 6 |  | 
                11 total
 » upgrades
                
                | Creature Carapace | 2 |  | 
| Creature Attack | 2 |  | 
| Web | 1 |  | 
                5 total
 » buildings
                
                | Crypt | 1 |  | 
| Altar of Darkness | 1 |  | 
| Ziggurat | 4 |  | 
| Graveyard | 1 |  | 
| Spirit Tower | 4 |  | 
| Halls of the Dead | 1 |  | 
| Sacrificial Pit | 1 |  | 
| Black Citadel | 1 |  | 
                14 total
 » build order
                00:12 Crypt
00:21 Altar of Darkness
00:41 Ziggurat
01:07 Graveyard
02:06 Ziggurat
03:04 Ziggurat
04:29 Spirit Tower
05:29 Spirit Tower
05:40 Spirit Tower
05:55 Ziggurat
06:08 Halls of the Dead
06:57 Spirit Tower
08:42 Sacrificial Pit
09:21 Black Citadel
 
               team 2 (winner) 
              
              
1st_Panzer_Div. (
yellow | 102 APM | 1248 actions | 12:14)
              
 4 Death Knight 
 2 Death Coil
 2 Unholy Aura
 3 Lich 
 2 Frost Nova
 1 Dark Ritual
 1 Dreadlord 
 1 Carrion Swarm
 
                » actions 
                
                | Assign group hotkey | 131 |  | 
| Basic commands | 155 |  | 
| Build / train | 33 |  | 
| Enter build submenu | 14 |  | 
| Enter hero's abilities submenu | 8 |  | 
| Right click | 259 |  | 
| Select / deselect | 223 |  | 
| Select group hotkey | 384 |  | 
| Use ability | 41 |  | 
                1248 total
 » units 
                
                | Acolyte | 2 |  | 
| Ghoul | 2 |  | 
| Crypt Fiend | 5 |  | 
| Necromancer | 4 |  | 
| Meatwagon | 2 |  | 
| Abomination | 1 |  | 
                16 total
 » upgrades
                
                | Creature Attack | 1 |  | 
| Skeletal Longevity | 1 |  | 
| Necromancer Training | 1 |  | 
| Unholy Strength | 1 |  | 
                4 total
 » buildings
                
                | Crypt | 1 |  | 
| Ziggurat | 5 |  | 
| Altar of Darkness | 1 |  | 
| Graveyard | 1 |  | 
| Halls of the Dead | 1 |  | 
| Slaughterhouse | 1 |  | 
| Temple of the Damned | 1 |  | 
| Black Citadel | 1 |  | 
                12 total
 » build order
                00:11 Crypt
00:13 Ziggurat
00:32 Altar of Darkness
01:05 Graveyard
01:47 Ziggurat
03:35 Halls of the Dead
05:00 Ziggurat
05:01 Ziggurat
05:42 Slaughterhouse
05:43 Temple of the Damned
08:50 Black Citadel
09:59 Ziggurat
 
                Chat log
          (00:27 / All) 1st_Panzer_Div.: do you play tft?
(00:34 / All) mclovin1423: no
(00:37 / All) 1st_Panzer_Div.: why?
(00:51 / All) mclovin1423: it was good
(01:19 / All) 1st_Panzer_Div.: you don't play it cause it was good?
(01:54 / All) mclovin1423: i dont play this game that much
(01:58 / All) 1st_Panzer_Div.: oh ok